 Dungeon Crawl Stone Soup version 0.23-b1-51-gfe822ef6ca (webtiles) character file.

Game seed: 5056350974393638544

35 Naru the Caller (level 3, 0/37 HPs)
             Began as a Merfolk Summoner on Feb 4, 2019.
             Succumbed to an adder's poison
             ... on level 2 of the Dungeon.
             The game lasted 00:10:22 (2075 turns).

Naru the Caller (Merfolk Summoner)                  Turns: 2075, Time: 00:10:23

Health: 0/37       AC: 21    Str:  9    XL:     3   Next: 33%
Magic:  4/6        EV:  2    Int: 14    God:
Gold:   64         SH:  0    Dex: 14    Spells: 3/6 levels left

rFire    . . .     SeeInvis .   a - +0 spear
rCold    . . .     Gourm    .   (no shield)
rNeg     + + +     Faith    .   (armour currently unavailable)
rPois    +         Spirit   .   (helmet currently unavailable)
rElec    .         Reflect  .   (cloak currently unavailable)
rCorr    .         Harm     .   (gloves currently unavailable)
MR       .....     NoTele   +   (boots currently unavailable)
Stlth    ++........             (no amulet)
HPRegen  0.12/turn              (no ring)
MPRegen  0.10/turn              (no ring)

@: lethally poisoned (0 -> -1), tree-form
A: (change form in water), (swift swim), (stealthy swim)
a: no special abilities


You were on level 2 of the Dungeon.
You were very hungry.
You were a tree.
You visited 1 branch of the dungeon, and saw 2 of its levels.

You collected 64 gold pieces.

Inventory:

Hand Weapons
 a - a +0 spear (weapon)
Missiles
 b - 54 stones (quivered)
Armour
 i - a +0 ring mail (melded)
Jewellery
 f - a +2 ring of protection {unknown}
 g - an uncursed ring of magical power {unknown}
Scrolls
 d - a scroll of noise {unknown}
 h - a scroll of remove curse {unknown}
 k - a scroll of identify {unknown}
 l - a scroll of teleportation {unknown}
 m - a scroll of immolation {unknown}
Potions
 e - a potion of lignification
 j - a potion of curing {unknown}
Comestibles
 c - 2 rations


   Skills:
 * Level 0.6 Fighting
 + Level 0.4 Polearms
 - Level 2.8 Dodging
 - Level 2.1 Stealth
 + Level 2.4 Spellcasting
 * Level 4.6 Summonings


You had 3 spell levels left.
You knew the following spells:

 Your Spells              Type           Power        Failure   Level  Hunger
a - Summon Small Mammal   Summ           ##..         3%          1    #......
b - Call Imp              Summ           ##......     4%          2    ###....

Your spell library contained the following spells:

 Spells                   Type           Power        Failure   Level  Hunger
 Call Canine Familiar     Summ           ##......     10%         3    ###....
 Summon Guardian Golem    Hex/Summ       #.......     26%         3    ###....
 Summon Ice Beast         Ice/Summ       #.......     65%         4    #####..
 Summon Lightning Spire   Summ/Air       #.......     65%         4    #####..


Dungeon Overview and Level Annotations

Branches:
Dungeon (2/15)

Altars:


Message History

Okay, then.
It was a potion of lignification.
You turn into a tree.
Your +0 ring mail melds into your body.
Your roots penetrate the ground.
* * * LOW HITPOINT WARNING * * *
You feel sick.
You cannot move.
There is a lethal amount of poison in your body!
Sorry, you're not good enough to have a special ability.
* * * LOW HITPOINT WARNING * * *
You feel sick.
* * * LOW HITPOINT WARNING * * *
You feel sick.
* * * LOW HITPOINT WARNING * * *
You feel sick.
* * * LOW HITPOINT WARNING * * *
You feel sick.
Your crimson imp disappears in a puff of smoke!
* * * LOW HITPOINT WARNING * * *
You feel sick.
You die...

....$## .......
#########.......
#.......#.......
#.......#.......
#.......#†....##
#........†......
######......5###.....
#>..........♣........
#............#.#.....
#..###.......#......
#. #.........###.# ..
#####.###.....# ... .
#.##.#.##. ..(
#....#...# ..
####.#.#.# .. #.#...#
.#


You could see a friendly crimson imp.

Vanquished Creatures
  A ball python (D:1)
  A giant cockroach (D:1)
  2 hobgoblins (D:1)
  A jackal (D:2)
  A quokka (D:1)
  A bat (D:1)
  3 rats (D:1)
10 creatures vanquished.

Vanquished Creatures (collateral kills)
  2 adders (D:2)
  An ooze (D:1)
  2 dart slugs (D:1)
  A leopard gecko (D:1)
  3 hobgoblins
  A jackal (D:2)
  A frilled lizard (D:1)
  4 goblins (D:1)
  A kobold (D:1)
16 creatures vanquished.

Grand Total: 26 creatures vanquished

Notes
Turn   | Place    | Note
-------+----------+-------------------------------------------
     0 | D:1      | Naru the Merfolk Summoner began the quest for the Orb.
     0 | D:1      | Reached XP level 1. HP: 13/13 MP: 3/3
   947 | D:1      | Reached XP level 2. HP: 12/19 MP: 5/5
  1390 | D:1      | Learned a level 2 spell: Call Imp
  2028 | D:2      | Reached XP level 3. HP: 25/25 MP: 3/6
  2067 | D:2      | HP: 1/37 [poisoned by an adder]
  2075 | D:2      | Succumbed to an adder's poison

Action                   || total
-------------------------++-------
Melee: Unarmed           ||     9
       Whip              ||     4
       Spear             ||    41
Throw: Stone             ||     1
 Cast: Summon Small Mamm ||    21
       Call Imp          ||     7
  Use: Potion            ||     1
 Stab: Distracted        ||     1
  Eat: Chunk             ||     3
Armor: Robe              ||     3
       Ring mail         ||     9
Dodge: Dodged            ||    48
